[Event "*** MasterClass Titled Tuesday Blitz"]
[Site "Chess.com"]
[Date "2017.07.04"]
[Round "10"]
[White "Rokis13"]
[Black "Zufi1811"]
[Result "0-1"]
[WhiteElo "2340"]
[BlackElo "2395"]
[TimeControl "180+2"]
[EndTime "15:15:52 PDT"]
[Termination "Zufi1811 won by resignation"]

1. e4 c5 2. Nc3 e6 3. g3 d5 4. exd5 exd5 5. d4 Nf6 6. Bg2 cxd4 7. Qxd4 Nc6 8. Qa4 Bc5 9. Nge2 O-O 10. O-O h6 11. Bf4 Re8 12. Rad1 Bg4 13. Rfe1 Qb6 14. h3 Bxf2+ 15. Kh1 Bxe1 16. hxg4 Bxc3 17. Nxc3 Qxb2 18. Nxd5 Nxd5 19. Rxd5 Rad8 20. Rb5 Qd4 21. Qb3 Qd1+ 22.
Kh2 Nd4 23. Qb4 Nxb5 24. Qxb5 Re2 25. Qxb7 Qxc2 26. g5 hxg5 27. Bxg5 Rxg2+ 0-1

[Event "*** MasterClass Titled Tuesday Blitz"]
[Site "Chess.com"]
[Date "2017.07.04"]
[Round "10"]
[White "scrapnel"]
[Black "vpantev"]
[Result "1/2-1/2"]
[WhiteElo "2533"]
[BlackElo "2460"]
[TimeControl "180+2"]
[EndTime "15:16:25 PDT"]
[Termination "Game drawn by repetition"]

1. d4 Nf6 2. Nf3 e6 3. Bg5 h6 4. Bh4 b6 5. Nbd2 c5 6. e4 Be7 7.
e5 Nd5 8. Bxe7 Qxe7 9. Ne4 O-O 10. c3 cxd4 11. cxd4 Ba6 12. Bxa6 Nxa6 13. O-O Nab4 14. a3 Nc6 15. Rc1 f6 16. b4 fxe5 17. dxe5 Rf4 18. Qd3 Raf8 19. Ned2 Qf7 20. b5 Nce7 21. Rc4 Ng6 22.
Rfc1 Rxc4 23. Rxc4 Ngf4 24. Qe4 Qe7 25. g3 Nh3+ 26. Kg2 Ng5 27. Qd3 Nxf3 28. Nxf3 Qf7 29. h3 Qh5 30. a4 Qf7 31. Rg4 Rc8 32. Rc4 Rf8 33. Qe4 Qe7 34. Qd3 Qf7 35. h4 Qe7 36.
Rd4 Qf7 37. Rc4 Qe7 38. Rd4 Qf7 39. Rc4 Qe7 1/2-1/2

[Event "*** MasterClass Titled Tuesday Blitz"]
[Site "Chess.com"]
[Date "2017.07.04"]
[Round "10"]
[White "viggi38"]
[Black "rasmussvane"]
[Result "0-1"]
[WhiteElo "2252"]
[BlackElo "2529"]
[TimeControl "180+2"]
[EndTime "15:16:26 PDT"]
[Termination "rasmussvane won by resignation"]

1. d4 d5 2. c4 c6 3. Nc3 Nf6 4. Nf3 dxc4 5. a4 e6 6. e4 Bb4 7.
Qc2 b5 8. Bd2 Bb7 9. e5 Bxc3 10.
bxc3 Nd5 11. Ng5 h6 12. Ne4 O-O 13. Nd6 Qd7 14. Be2 a5 15. Rg1 Na6 16. axb5 cxb5 17. Rxa5 Nac7 18. Nxb7 Qc6 19. Rxa8 Rxa8 20. Nc5 Ra1+ 21.
Bd1 Qa8 22. Qe4 b4 23. cxb4 c3 24. Be3 Qa2 25. Nd3 c2 26. Nc1 cxd1=Q+ 0-1

[Event "*** MasterClass Titled Tuesday Blitz"]
[Site "Chess.com"]
[Date "2017.07.04"]
[Round "10"]
[White "stuffings101"]
[Black "mokerslag"]
[Result "0-1"]
[WhiteElo "2196"]
[BlackElo "2431"]
[TimeControl "180+2"]
[EndTime "15:16:26 PDT"]
[Termination "mokerslag won on time"]

1. e4 d5 2. exd5 Nf6 3. Bb5+ Nbd7 4. c4 a6 5. Ba4 b5 6. Bb3 bxc4 7. Bxc4 Nb6 8. d3 Nfxd5 9. Nf3 Bb7 10. O-O e6 11. Bg5 Be7 12. Bxe7 Qxe7 13. Re1 O-O 14. Nbd2 Rfd8 15.
a4 Nf4 16. a5 Nxc4 17. dxc4 Qf6 18. Qc2 Rd3 19. Re3 Rad8 20. Rae1 Rxd2 21. Nxd2 Nxg2 22. Ne4 Bxe4 23. Qxe4 Nxe1 24. Rxe1 Qxb2 25. Rb1 Qf6 26. Kf1 g6 27. Rb7 Rd2 28. Qe3 Qa1+ 29. Kg2 Qxa5 30. Rb8+ Kg7 31. h4 h6 32. Qf4 g5 33.
Qe3 gxh4 34. Kh2 Qg5 35. Qc3+ e5 36. Qf3 e4 0-1

[Event "*** MasterClass Titled Tuesday Blitz"]
[Site "Chess.com"]
[Date "2017.07.04"]
[Round "10"]
[White "Gabrielian_Artur"]
[Black "Indianlad"]
[Result "1/2-1/2"]
[WhiteElo "2567"]
[BlackElo "2531"]
[TimeControl "180+2"]
[EndTime "15:16:29 PDT"]
[Termination "Game drawn by agreement"]

1. e4 c6 2. d3 d5 3. Nd2 e5 4.
Ngf3 Bd6 5. d4 exd4 6. Bd3 Ne7 7. O-O O-O 8. Re1 Ng6 9. exd5 cxd5 10. Nb3 Nc6 11.
h3 Nf4 12. Bxf4 Bxf4 13. Nbxd4 Qf6 14. c3 Nxd4 15. Nxd4 Bc7 16. Qh5 g6 17. Qxd5 Rd8 18. Qe4 Bb6 19. Qe5 Qxe5 20. Rxe5 Bxd4 21. cxd4 Be6 22.
Re4 Bf5 23. Re3 Be6 24. Re4 Rd6 25. Be2 Rad8 26. a3 Rxd4 27. Rxd4 Rxd4 28. Rd1 Rxd1+ 29. Bxd1 Kf8 30. f4 Ke7 31. Kf2 Kd6 32. Ke3 Bd5 33. g4 h6 34. h4 f6 35. Bc2 g5 36. hxg5 hxg5 37. fxg5 fxg5 38. Kd4 Be6 39. Bd1 b6 40.
Bf3 Bd7 41. Be2 a5 42. b4 axb4 43. axb4 Be6 44. Bf3 1/2-1/2

[Event "*** MasterClass Titled Tuesday Blitz"]
[Site "Chess.com"]
[Date "2017.07.04"]
[Round "10"]
[White "charlescandycampbell"]
[Black "stalyansky"]
[Result "1-0"]
[WhiteElo "2121"]
[BlackElo "2221"]
[TimeControl "180+2"]
[EndTime "15:16:29 PDT"]
[Termination "charlescandycampbell won by checkmate"]

1. d4 d5 2. Nf3 Nf6 3. c4 c6 4. cxd5 cxd5 5. Nc3 Nc6 6. Bf4 Ne4 7. Qb3 Nxc3 8.
bxc3 g6 9. e3 Bg7 10. Be2 O-O 11. O-O a6 12. a4 Na5 13. Qb4 Bf5 14. Ne5 Rc8 15. Rfc1 Bxe5 16. Bxe5 Rc6 17. c4 dxc4 18. Bxc4 Rxc4 19. Rxc4 Nxc4 20. Qxc4 Be6 21. Qb4 f6 22. Bf4 Bd5 23. Rc1 Qd7 24. h3 Bc6 25. a5 Qd5 26. f3 e5 27. Bh6 Re8 28. Rc5 Qd6 29. dxe5 Rxe5 30. Qc4+ Qe6 31. Qd4 Rd5 32. Rxd5 Bxd5 33. Qc5 Qc6 34. Qf8# 1-0

[Event "*** MasterClass Titled Tuesday Blitz"]
[Site "Chess.com"]
[Date "2017.07.04"]
[Round "10"]
[White "michaelk123"]
[Black "Tonychess32"]
[Result "0-1"]
[WhiteElo "2277"]
[BlackElo "2438"]
[TimeControl "180+2"]
[EndTime "15:16:37 PDT"]
[Termination "Tonychess32 won by checkmate"]

1. e4 e5 2. Nf3 Nc6 3. Bb5 a6 4. Ba4 Nf6 5. O-O b5 6. Bb3 Be7 7. Re1 O-O 8. a4 Rb8 9. d3 d6 10. Nbd2 Na5 11. Ba2 c5 12. Nf1 b4 13. Bg5 h6 14.
Bxf6 Bxf6 15. Ne3 b3 16. cxb3 Be6 17. Nc4 Nc6 18. Rc1 Nb4 19. Bb1 Qd7 20. h3 Be7 21. Nfd2 f5 22. Nf1 f4 23. Qf3 Nc6 24. Nfd2 Nd4 25.
Qh5 f3 26. Nxf3 Nxf3+ 27. gxf3 Rf4 28. Nxe5 dxe5 29. Qxe5 Bd6 30. Qc3 Qe7 31. Kf1 Rxf3 32. Ke2 Rbf8 33. Rf1 Bxh3 34. Rg1 Rxf2+ 35. Ke1 Rf1+ 36.
Rxf1 Rxf1+ 37. Ke2 Rf2+ 38. Kxf2 Qh4+ 39. Ke2 Qg4+ 40.
Kd2 Bf4+ 41. Kc2 Qg2+ 42. Kd1 Bg4+ 43. Ke1 Qe2# 0-1

[Event "*** MasterClass Titled Tuesday Blitz"]
[Site "Chess.com"]
[Date "2017.07.04"]
[Round "10"]
[White "1e41-0"]
[Black "FearlessKing64"]
[Result "1-0"]
[WhiteElo "2286"]
[BlackElo "2183"]
[TimeControl "180+2"]
[EndTime "15:16:40 PDT"]
[Termination "1e41-0 won by resignation"]

1. e4 c5 2. Nf3 d6 3. d4 cxd4 4. Nxd4 Nf6 5. Nc3 a6 6. h3 e6 7. g4 d5 8. exd5 Nxd5 9. Nde2 Bb4 10. Bg2 Bxc3+ 11. bxc3 O-O 12. O-O b5 13. a4 Bb7 14.
Ba3 Re8 15. Rb1 Qd7 16. Qd2 Nc6 17. Rfd1 Ne5 18. Bc5 Nc4 19. Qc1 Qc7 20. Bd4 bxa4 21. Rxb7 Qxb7 22. Qg5 f6 23. Bxf6 Qf7 24. Bd4 h6 25. Qc1 a3 26. Ng3 a2 27. Qa1 Rf8 28.
Qxa2 e5 29. Qxc4 exd4 30. Bxd5 1-0

[Event "*** MasterClass Titled Tuesday Blitz"]
[Site "Chess.com"]
[Date "2017.07.04"]
[Round "10"]
[White "Witik"]
[Black "Adham_Fawzy"]
[Result "1-0"]
[WhiteElo "2563"]
[BlackElo "2426"]
[TimeControl "180+2"]
[EndTime "15:17:00 PDT"]
[Termination "Witik won by resignation"]

1. d4 Nf6 2. Bf4 c5 3. e3 Nd5 4. Bg3 Qb6 5. c4 Qxb2 6. cxd5 Qxa1 7. Qb3 Na6 8. Bxa6 bxa6 9. Ne2 a5 10. O-O Ba6 11.
Nbc3 Qxf1+ 12. Kxf1 cxd4 13. Nb5 Bxb5 14. Qxb5 g6 15.
Be5 f6 16. Bxd4 Bg7 17. Qxa5 O-O 18. g4 Rfc8 19. Kg2 Kf7 20. Qa4 Rc7 21. d6 Rc6 22. dxe7 Kxe7 23. Nf4 a5 24. Qb5 a4 25. g5 fxg5 26.
Nd5+ Kf7 27. Qb7 Rd8 28. Bb6 Rxb6 29. Qxb6 Re8 30. Qd6 Be5 31. Qxd7+ Kf8 32. Qxh7 Re6 33. Qd7 Ra6 34. Qe7+ Kg8 35. Qxe5 Kf7 36. Qe7+ Kg8 37.
Nf6+ Rxf6 38. Qxf6 Kh7 39. Kg3 a3 40. Kg4 Kh6 41. e4 Kh7 42. e5 Kh6 43. e6 Kh7 44. e7 1-0

[Event "*** MasterClass Titled Tuesday Blitz"]
[Site "Chess.com"]
[Date "2017.07.04"]
[Round "10"]
[White "grobesk"]
[Black "Rating-Schmating"]
[Result "1-0"]
[WhiteElo "2217"]
[BlackElo "2209"]
[TimeControl "180+2"]
[EndTime "15:17:02 PDT"]
[Termination "grobesk won by checkmate"]

1. d4 Nf6 2. g4 Nxg4 3. e4 d5 4.
Be2 h5 5. h3 Nf6 6. e5 Ng8 7.
Bxh5 Bf5 8. Nc3 e6 9. Bg4 Bxg4 10.
Qxg4 Nh6 11. Qe2 Nf5 12. Nf3 Nh4 13. Be3 Ng2+ 14. Kf1 Nxe3+ 15. fxe3 c5 16. h4 Nc6 17. Qb5 Qb6 18. Ke2 Qxb5+ 19. Nxb5 O-O-O 20. h5 a6 21. Nc3 cxd4 22. exd4 Ne7 23. Nd1 Nf5 24. Kf2 Kb8 25. Ne3 Nxe3 26. Kxe3 Be7 27. Rag1 Rdg8 28. Ng5 Bxg5+ 29.
Rxg5 Kc7 30. Rhg1 Rh7 31. Kf4 Kd7 32. R1g3 Ke7 33. Rb3 b5 34. a4 Rb8 35. axb5 axb5 36. Ra3 Rb7 37. Ra8 b4 38. h6 Rxh6 39. Rxg7 Rh4+ 40.
Ke3 Rc7 41. Rgg8 Rh3+ 42. Kd2 Rh2+ 43. Kd3 Rh3+ 44. Kd2 Rh2+ 45. Kd1 Rh1+ 46. Ke2 Rxc2+ 47. Kd3 Rxb2 48. Ra7# 1-0

[Event "*** MasterClass Titled Tuesday Blitz"]
[Site "Chess.com"]
[Date "2017.07.04"]
[Round "10"]
[White "Vamostodorecto"]
[Black "escher"]
[Result "1-0"]
[WhiteElo "2335"]
[BlackElo "2040"]
[TimeControl "180+2"]
[EndTime "15:17:06 PDT"]
[Termination "Vamostodorecto won by checkmate"]

1. d4 Nf6 2. c4 g6 3. Nc3 d5 4. Bg5 Ne4 5. Nxe4 dxe4 6. Qd2 Bg7 7. e3 c5 8. d5 O-O 9. Ne2 Bf5 10.
Nc3 Nd7 11. f3 exf3 12. gxf3 Ne5 13. Be2 Bd3 14. f4 Bxe2 15. Qxe2 Nd7 16. Qd2 Qa5 17.
Bxe7 Rfe8 18. d6 Bf6 19. Nd5 Qxd2+ 20. Kxd2 Bxe7 21. dxe7 Kg7 22. Nc7 Nf6 23. Nxa8 Rxa8 24. Kc2 Re8 25. Rhe1 Rxe7 26. Rad1 Ne4 27. Rd8 Kf6 28.
a3 Kf5 29. b4 Rc7 30. b5 Re7 31. a4 b6 32. Rg1 h6 33. Rd5+ Kf6 34. Kd3 Nf2+ 35.
Ke2 Ne4 36. Kf3 Nc3 37. Rd6+ Kf5 38. Ra1 Ne4 39. Rd5+ Kf6 40. a5 Re6 41. axb6 axb6 42. Ra7 Nc3 43. Rdd7 Ne4 44. Rxf7# 1-0

[Event "*** MasterClass Titled Tuesday Blitz"]
[Site "Chess.com"]
[Date "2017.07.04"]
[Round "10"]
[White "SuperCheese"]
[Black "ChessQueen"]
[Result "0-1"]
[WhiteElo "2433"]
[BlackElo "2547"]
[TimeControl "180+2"]
[EndTime "15:17:25 PDT"]
[Termination "ChessQueen won by resignation"]

1. d4 Nf6 2. c4 e6 3. Nc3 Bb4 4. a3 Bxc3+ 5. bxc3 O-O 6. f3 Nc6 7.
e4 d5 8. cxd5 exd5 9. e5 Nd7 10.
f4 Na5 11. Nf3 f5 12. Bd3 Nb6 13. O-O Be6 14. Ng5 Qd7 15. Qh5 h6 16. Nxe6 Qxe6 17.
Rf3 Nb3 18. Rb1 Nxc1 19. Rxc1 Qf7 20. Qh4 c5 21. Rg3 Kh7 22. Rg5 g6 23. g4 Kg7 24.
gxf5 hxg5 25. Qxg5 Nd7 26. fxg6 Qxf4 27. Qe7+ Kh6 28.
Qh7+ Kg5 29. Qe7+ Nf6 30. Rf1 Qe3+ 31. Kh1 Qxd3 32. Rxf6 Rxf6 33. Qxf6+ Kh5 34. g7 Qe4+ 35. Kg1 Qg6+ 0-1

[Event "*** MasterClass Titled Tuesday Blitz"]
[Site "Chess.com"]
[Date "2017.07.04"]
[Round "10"]
[White "Alexander_Donchenko"]
[Black "GMKrikor"]
[Result "1/2-1/2"]
[WhiteElo "2566"]
[BlackElo "2473"]
[TimeControl "180+2"]
[EndTime "15:17:27 PDT"]
[Termination "Game drawn by agreement"]

1. d4 Nf6 2. c4 e6 3. g3 d5 4. Bg2 Bb4+ 5. Nd2 O-O 6. Nf3 b6 7. O-O Bb7 8. Ne5 a5 9. b3 Bc3 10. Rb1 Bxd4 11. Ndf3 Bc5 12. Bb2 a4 13. Bd4 Bxd4 14. Nxd4 axb3 15. axb3 c5 16. Nb5 Nc6 17.
Nd3 Na5 18. Nc3 h6 19. cxd5 Nxd5 20. Nxd5 Bxd5 21. b4 Bxg2 22. Kxg2 cxb4 23. Rxb4 Qd5+ 24. Kg1 Rab8 25. Qb1 Nc4 26. Rc1 b5 27. Rcxc4 bxc4 28. Rxb8 cxd3 29. Rxf8+ Kxf8 30. exd3 g6 31. Qc1 Kg7 32.
Qe3 h5 33. h4 Kf6 34. Qf4+ Qf5 35. Qe3 Qe5 36. Qf3+ Kg7 37. Kg2 Qd4 38. Qe4 Qxe4+ 39. dxe4 e5 40. Kf3 Kf6 41. Ke3 Ke6 42. Kd3 Kd6 43. Kc4 Kc6 44. f3 f5 45. Kb4 fxe4 46. fxe4 Kb6 47. Kc4 Kc6 48. Kb4 Kb6 49. Kc4 Kc6 1/2-1/2

[Event "*** MasterClass Titled Tuesday Blitz"]
[Site "Chess.com"]
[Date "2017.07.04"]
[Round "10"]
[White "spirals5"]
[Black "Al_Shima"]
[Result "1/2-1/2"]
[WhiteElo "2378"]
[BlackElo "2360"]
[TimeControl "180+2"]
[EndTime "15:18:11 PDT"]
[Termination "Game drawn by repetition"]

1. e4 d5 2. exd5 Nf6 3. Nc3 Nxd5 4.
Bc4 c6 5. d4 Bf5 6. Nf3 e6 7.
O-O Be7 8. Ne5 Nd7 9. Nxd5 exd5 10. Bd3 Bxd3 11. Qxd3 O-O 12. Bf4 Re8 13. Nxd7 Qxd7 14. Rfe1 Bf6 15. c3 Re6 16. Rxe6 Qxe6 17. h3 Re8 18.
Kf1 h5 19. Bd2 Qd6 20. Re1 Rxe1+ 21. Bxe1 g6 22. Bd2 Qh2 23. Qg3 Qxg3 24. fxg3 Kf8 25.
Ke2 Ke7 26. Kd3 Ke6 27. g4 hxg4 28. hxg4 Bh4 29. b3 Kf6 30. c4 Bg5 31. Ba5 b6 32.
Be1 Ke6 33. a4 a6 34. Bg3 Bd8 35. Be5 f5 36. gxf5+ Kxf5 37. cxd5 cxd5 38. Ke3 Kg4 39. Kf2 b5 40. axb5 axb5 41. g3 Bg5 42. Ke2 Be7 43.
Kf2 Bb4 44. Ke2 Bc3 45. Kf2 g5 46. Ke2 Ba5 47. Kf2 Kf5 48. Kf3 g4+ 49. Ke3 Be1 50.
Ke2 Bc3 51. Kd3 Be1 52. Ke2 Bb4 53. Ke3 Ba5 54. Kd3 Bb6 55. Ke3 Ba5 56. Kd3 Bb4 57. Ke3 Bc3 58. Kd3 Bb2 59. Ke3 Bc1+ 60. Kd3 Ba3 61.
Ke3 Be7 62. Kd3 Bb4 63. Ke3 1/2-1/2

[Event "*** MasterClass Titled Tuesday Blitz"]
[Site "Chess.com"]
[Date "2017.07.04"]
[Round "10"]
[White "ruvat"]
[Black "MarshKnight"]
[Result "1-0"]
[WhiteElo "2278"]
[BlackElo "2154"]
[TimeControl "180+2"]
[EndTime "15:18:21 PDT"]
[Termination "ruvat won by resignation"]

1. d4 e6 2. c4 b6 3. Nf3 Bb7 4. g3 Bb4+ 5. Nc3 f5 6. Bg2 Nf6 7. Bd2 O-O 8. O-O Bxc3 9. Bxc3 Ne4 10. Rc1 d6 11. Be1 Nd7 12. b4 a5 13. bxa5 bxa5 14.
Nd2 Nxd2 15. Bxd2 Bxg2 16. Kxg2 e5 17. dxe5 Nxe5 18. c5 d5 19. Bc3 Re8 20. Qd4 Qd7 21. Rfd1 c6 22. Rb1 Ng4 23. e3 Qf7 24. Rb6 Re4 25.
Qd2 Qh5 26. h3 Ne5 27. Bxe5 Rxe5 28. Rxc6 Rf8 29. Qd4 Qe8 30. Rd6 g5 31. Rxd5 Re4 32. Qd3 h6 33. Rd7 f4 34. Qd5+ Kh8 35. exf4 gxf4 36.
c6 f3+ 37. Kh2 Re2 38. Qd4+ Qe5 39. Qxe5+ Rxe5 40. c7 Rc8 41. Rd8+ Re8 42. Rxe8+ Rxe8 43. Rd8 1-0

[Event "*** MasterClass Titled Tuesday Blitz"]
[Site "Chess.com"]
[Date "2017.07.04"]
[Round "10"]
[White "wonderfultime"]
[Black "SergeiAza"]
[Result "1-0"]
[WhiteElo "2676"]
[BlackElo "2712"]
[TimeControl "180+2"]
[EndTime "15:18:33 PDT"]
[Termination "wonderfultime won on time"]

1. d4 d5 2. c4 e6 3. Nc3 Be7 4. Nf3 Nf6 5. Bf4 O-O 6. e3 c5 7.
dxc5 Bxc5 8. a3 Nc6 9. Qc2 Qa5 10. Rd1 Be7 11. Be2 dxc4 12. Bxc4 b6 13. O-O Bb7 14. Nb5 Rac8 15. Nd6 Bxd6 16. Bxd6 Rfd8 17. Qb3 Qh5 18. Be2 Na5 19. Qb4 Nd5 20. Rxd5 Bxd5 21. Bg3 Bc4 22.
Bxc4 Nxc4 23. Qe7 Qc5 24. Qxa7 Nxb2 25. Ne5 Rc7 26. Qa6 Qa5 27. Qe2 Qc3 28. h4 Nc4 29. Ng4 Qd3 30. Qxd3 Rxd3 31. Bxc7 Rxa3 32. Rc1 b5 33.
Ne5 Nxe5 34. Bxe5 f6 35. Rc8+ Kf7 36. Rc7+ Kg6 37. Bd6 Ra8 38. g4 h5 39. gxh5+ Kh7 40.
Rb7 Rd8 41. Be7 Rd1+ 42. Kg2 Kg8 43. h6 1-0

[Event "*** MasterClass Titled Tuesday Blitz"]
[Site "Chess.com"]
[Date "2017.07.04"]
[Round "10"]
[White "Cryptochess"]
[Black "DrVelja"]
[Result "0-1"]
[WhiteElo "2501"]
[BlackElo "2566"]
[TimeControl "180+2"]
[EndTime "15:18:41 PDT"]
[Termination "DrVelja won by checkmate"]

1. e4 c5 2. Nc3 Nc6 3. g3 g6 4.
Bg2 Bg7 5. d3 e6 6. Be3 d6 7.
Qd2 Nge7 8. Bh6 O-O 9. h4 Bxh6 10. Qxh6 f6 11. Qd2 e5 12. h5 g5 13. h6 Nd4 14.
Nge2 Be6 15. f4 gxf4 16. gxf4 Kh8 17. f5 Bf7 18. Nxd4 cxd4 19. Ne2 Rg8 20. Bf3 Rc8 21. c4 dxc3 22. Nxc3 d5 23. Qf2 d4 24. Ne2 Qa5+ 25.
Kf1 Qd2 26. Qh4 Rg5 27. Rh3 Rc2 28. Rg3 Qxd3 29. Bh5 Bxh5 30. Rxd3 Bxe2+ 31. Kf2 Bxd3+ 32. Kf3 Nxf5 33. exf5 e4+ 34. Kf4 e3 35. Rf1 Bxf1 36.
Ke4 e2 37. Kxd4 Rc1 38. Qf4 e1=Q 39. Qb8+ Rg8 40. Qd6 Rd1+ 41. Kc5 Rxd6 42. b4 Rc8+ 43. Kxd6 Qe5+ 44. Kd7 Rc7+ 45. Kd8 Qe7# 0-1

[Event "*** MasterClass Titled Tuesday Blitz"]
[Site "Chess.com"]
[Date "2017.07.04"]
[Round "10"]
[White "OparinGrigoriy"]
[Black "BilodeauA"]
[Result "1-0"]
[WhiteElo "2753"]
[BlackElo "2627"]
[TimeControl "180+2"]
[EndTime "15:18:52 PDT"]
[Termination "OparinGrigoriy won by checkmate"]

1. e4 c5 2. Nf3 Nc6 3. Nc3 Nf6 4. Bb5 Qc7 5. O-O e6 6. Re1 Nd4 7. Bf1 Ng4 8. g3 h5 9. d3 a6 10. Bg2 Be7 11. h3 Nxf3+ 12. Bxf3 Ne5 13. Bxh5 g6 14.
Bg4 b5 15. Bf4 g5 16. Bxe5 Qxe5 17. Qd2 Bb7 18. Nd1 O-O-O 19. c3 Kb8 20. d4 Qc7 21. d5 c4 22. Ne3 Bc5 23. Rad1 Qe5 24. Nf1 Ka7 25. Kg2 Qg7 26. Ne3 Qg6 27. Bf3 Qh7 28.
Rh1 f5 29. exf5 exf5 30. g4 fxg4 31. hxg4 Qf7 32. Nf5 d6 33. b4 cxb3 34. axb3 Qf6 35. Rde1 Bc8 36. Ne7 Bd7 37. Nc6+ Bxc6 38. dxc6 Rdf8 39.
Qd5 Qg7 40. Rxh8 Rxh8 41. b4 Bb6 42. Ra1 Qh6 43. Rxa6+ Kb8 44. Rxb6+ Kc7 45. Rb7+ Kc8 46. Qf5+ Kd8 47. Qd7# 1-0

[Event "*** MasterClass Titled Tuesday Blitz"]
[Site "Chess.com"]
[Date "2017.07.04"]
[Round "10"]
[White "Keranke"]
[Black "gena217"]
[Result "1-0"]
[WhiteElo "2662"]
[BlackElo "2619"]
[TimeControl "180+2"]
[EndTime "15:19:17 PDT"]
[Termination "Keranke won by resignation"]

1. d4 Nf6 2. Bf4 d5 3. e3 c5 4.
Nc3 cxd4 5. exd4 a6 6. Nf3 Nc6 7. Ne5 Bf5 8. Nxc6 bxc6 9. Bd3 Bxd3 10. Qxd3 e6 11. O-O Be7 12. Na4 O-O 13. c4 Qa5 14. b3 Rfd8 15. c5 Qb5 16. Qxb5 axb5 17. Nb6 Ra3 18.
Bc1 Ra6 19. a4 Nd7 20. Bf4 e5 21. Nxd7 exf4 22. Ne5 Rda8 23. Nxc6 Rxc6 24. axb5 Rcc8 25. b6 Rab8 26. b4 Bf6 27. Rfd1 g5 28. Ra7 Kg7 29.
Kf1 Bd8 30. Ra5 h6 31. Rb5 Rc6 32. Ke2 Kf6 33. Kd3 Ke6 34. Ra1 Bf6 35. Ra7 Bd8 36.
h3 h5 37. f3 f6 38. Kc3 Kf5 39. Kb3 Re6 40. b7 Bc7 41. Ra8 g4 42. Rxb8 Bxb8 43.
Ra5 gxf3 44. gxf3 Re8 45. Ra8 Ke6 46. b5 Kd7 47. Kb4 Kc7 48. c6 Kb6 49. Ra6+ Kc7 50. Kc5 Re1 51. b6+ Kd8 52. Ra8 1-0

[Event "*** MasterClass Titled Tuesday Blitz"]
[Site "Chess.com"]
[Date "2017.07.04"]
[Round "10"]
[White "AndrewDGreen"]
[Black "AdrianaNikolova"]
[Result "0-1"]
[WhiteElo "2185"]
[BlackElo "2313"]
[TimeControl "180+2"]
[EndTime "15:19:17 PDT"]
[Termination "AdrianaNikolova won by resignation"]

1. d4 Nf6 2. Nf3 e6 3. Bf4 c5 4.
c3 Qb6 5. Qb3 Qxb3 6. axb3 cxd4 7. Nxd4 d6 8. Nb5 Kd7 9. Rxa7 Rxa7 10. Nxa7 e5 11. Bd2 Nc6 12. Nxc8 Kxc8 13. g3 d5 14. Bg2 Bc5 15. O-O Re8 16. b4 Bb6 17. Na3 e4 18. Nb5 Kd7 19. Bg5 h6 20. Bxf6 gxf6 21. Bh3+ Ke7 22. Rd1 Rd8 23. Bf5 Ne5 24. b3 Nc6 25. Kg2 e3 26. fxe3 Bxe3 27. Nc7 d4 28. b5 Na5 29. c4 Nxb3 30. Nd5+ Ke8 31. Nxf6+ Kf8 32. Nd5 Ra8 33. Nxe3 dxe3 34. Rd3 Nd2 35. Rxe3 Nxc4 36.
Rf3 Ne5 37. Rf4 Ke7 38. Be4 Ra2 39. Kf1 b6 40. Bd5 Ra1+ 41. Kf2 f6 42. Rh4 Kd6 43.
Be4 Ra2 44. Rxh6 Ng4+ 45. Kg2 Nxh6 0-1

[Event "*** MasterClass Titled Tuesday Blitz"]
[Site "Chess.com"]
[Date "2017.07.04"]
[Round "10"]
[White "Colombiano07"]
[Black "dolynachess"]
[Result "0-1"]
[WhiteElo "2325"]
[BlackElo "2351"]
[TimeControl "180+2"]
[EndTime "15:19:18 PDT"]
[Termination "dolynachess won by resignation"]

1. d4 Nf6 2. Bf4 c5 3. c3 b6 4. e3 Bb7 5. Nf3 g6 6. Nbd2 Bg7 7. h3 O-O 8. Be2 d6 9. O-O Nbd7 10. Bh2 a6 11. a4 Rc8 12. Rc1 Rc7 13. b4 Qa8 14.
Re1 Rfc8 15. bxc5 bxc5 16. a5 cxd4 17. exd4 Rxc3 18. Rxc3 Rxc3 19. Bf1 Nd5 20. Ne4 Ra3 21. Qd2 N7f6 22. Nxf6+ Bxf6 23. Bc4 Kg7 24. Rb1 Nc3 25. Rc1 Bxf3 26. Rxc3 Rxc3 27. Qxc3 Bxg2 28. Bxa6 Bxh3 29. Bf1 Bxf1 30. Kxf1 Qa7 31. Bg3 Bxd4 32. Qb4 Qc5 33. Qxc5 Bxc5 34. Bf4 d5 35. Bb8 Kf6 36. a6 e5 37. a7 Bxa7 38. Bxa7 Kf5 39. Ke2 Ke4 40. Bb8 d4 41. f3+ Kd5 42. Kd3 f5 43. Bc7 h5 44. Bd8 e4+ 45. Ke2 Ke5 46. Bc7+ Ke6 47. Bb6 Kd5 48. Bd8 Kc4 49. Be7 Kc3 50. Bf6 Kc4 51.
Be7 Kd5 52. Bd8 Kc5 53. Be7+ Kc4 54. Bd8 Kd5 55. Be7 Ke5 56. Bd8 Kf4 57. Bc7+ Kg5 58.
Be5 d3+ 59. Ke3 exf3 60. Kxf3 h4 61. Bf4+ Kh5 62. Ke3 Kg4 63. Bc7 g5 64. Kxd3 Kf3 65. Kd2 g4 66. Ke1 Kg2 67. Ke2 h3 68. Bf4 g3 0-1

[Event "*** MasterClass Titled Tuesday Blitz"]
[Site "Chess.com"]
[Date "2017.07.04"]
[Round "10"]
[White "playablecharacter"]
[Black "popov_m"]
[Result "0-1"]
[WhiteElo "2045"]
[BlackElo "2410"]
[TimeControl "180+2"]
[EndTime "15:19:52 PDT"]
[Termination "popov_m won by resignation"]

1. d4 Nf6 2. c4 g6 3. Nc3 Bg7 4. e4 d6 5. f3 O-O 6. Be3 Nc6 7. Qd2 a6 8. Nge2 Na5 9. Nc1 Nd7 10. b4 Nc6 11. a3 e5 12. d5 Nd4 13. Ra2 f5 14.
N1e2 fxe4 15. Nxe4 Nf6 16. N4g3 Re8 17. Nc3 Nf5 18. Bg5 h6 19. Nxf5 gxf5 20. Bxh6 Bh8 21. Be2 f4 22. Bg5 Kf7 23. Bd3 Rg8 24. h4 Qf8 25.
Bxf6 Bxf6 26. Ne4 Be7 27. Qf2 Qh6 28. Qg1 Qh5 29. Re2 Bf5 30. Rd2 Bxe4 31. Bxe4 Rg3 32. Rh3 Rxh3 33. gxh3 Qxh4+ 34. Rf2 Rg8 35. Qh2 Rg3 36.
Ke2 Qh6 37. Rg2 Rxh3 38. Qg1 Rh1 39. Qf2 Bh4 40. Qa7 Bd8 41. Qxb7 Qh4 42. Rf2 Qg3 43. Qc8 Qg1 44. Qf5+ Bf6 45. Qe6+ Kg7 46. Qg4+ Qxg4 47. fxg4 Ra1 48. Rf3 Bh4 49. Rd3 Kf6 50. Bf5 Re1+ 51. Kd2 e4 52. Rd4 Ke5 53. Rxe4+ Rxe4 54. Bxe4 Kxe4 55.
Ke2 f3+ 56. Kf1 Kf4 57. a4 Bf6 58. b5 a5 59. c5 dxc5 60. g5 Kxg5 61. Kf2 Kf4 62.
d6 cxd6 63. b6 d5 64. b7 Be5 0-1

[Event "*** MasterClass Titled Tuesday Blitz"]
[Site "Chess.com"]
[Date "2017.07.04"]
[Round "10"]
[White "abubakrtagelsir"]
[Black "IamSchrodingersCat"]
[Result "1-0"]
[WhiteElo "2202"]
[BlackElo "2422"]
[TimeControl "180+2"]
[EndTime "15:20:32 PDT"]
[Termination "abubakrtagelsir won by checkmate"]

1. e4 c5 2. Nc3 a6 3. f4 b5 4. Nf3 Bb7 5. d4 b4 6. Na4 cxd4 7. Qxd4 Nc6 8. Qf2 e6 9. Bd3 Nf6 10. e5 Nd5 11. O-O Qc7 12. Kh1 d6 13. f5 exf5 14. exd6 Bxd6 15. Re1+ Nce7 16. Bxf5 O-O 17. Be4 Bc6 18.
b3 Rfe8 19. Ng5 Ng6 20. Bb2 Bf4 21. Nf3 Rad8 22. Nd4 Bb7 23. Nf5 f6 24. Nc5 Ba8 25. Nxa6 Qa5 26. Nc5 Qa7 27. Bd4 Qb8 28. Bxd5+ Bxd5 29. Rxe8+ Rxe8 30. Re1 Rd8 31. Ne7+ Nxe7 32. Rxe7 Bxh2 33.
Nd7 Qd6 34. Rxg7+ Kxg7 35. Bxf6+ Kg8 36. Bxd8 Qxd7 37. Bf6 Bc7 38. Bd4 Qe6 39. Qd2 Qg6 40.
Kg1 Qe4 41. Qg5+ Qg6 42. Qxd5+ Qf7 43. Qxf7+ Kxf7 44. Bc5 Ba5 45. Kf2 Ke6 46. a3 bxa3 47. Bxa3 Kd5 48. Ke3 Bb6+ 49. Kd3 h5 50. c4+ Kc6 51. b4 Bd8 52. b5+ Kb7 53. Bc5 Bf6 54. Be3 Kc7 55. c5 Be5 56. Kc4 Bg3 57. Kd5 h4 58.
Bd4 Kc8 59. Be5 Bf2 60. c6 Bb6 61. Bd4 Ba5 62. b6 h3 63. gxh3 Kb8 64. h4 Kc8 65. b7+ Kb8 66. Be5+ Bc7 67. Bxc7+ Ka7 68. h5 Ka6 69. Kc5 Ka7 70. b8=Q+ Ka6 71. Qb6# 1-0